 Dungeon Crawl Stone Soup version 0.21.1-1-g345015f (webtiles) character file.

64 inc the Grasshopper (level 4, -3/38 HPs)
             Began as a Gnoll Warper on June 8, 2018.
             Was an Initiate of Cheibriados.
             Killed by nerve-wracking pain
             ... invoked by Jessica
              (14 damage)
             ... on level 3 of the Dungeon.
             The game lasted 00:02:54 (2521 turns).

inc the Grasshopper (Gnoll Warper)                  Turns: 2521, Time: 00:02:54

Health: -3/38      AC:  4    Str: 14    XL:     4   Next: 12%
Magic:  11/11      EV: 14    Int: 18    God:    Cheibriados [......]
Gold:   138        SH:  0    Dex: 15    Spells: 13/13 levels left

rFire    . . .     SeeInvis .   p - +2 long sword (slice)
rCold    . . .     Gourm    .   (no shield)
rNeg     . . .     Faith    .   b - +0 leather armour
rPois    .         Spirit   .   (no helmet)
rElec    .         Reflect  .   o - +0 cloak
rCorr    .         Harm     .   (no gloves)
MR       .....                  (no boots)
Stlth    ++........             (no amulet)
HPRegen  0.12/turn              (no ring)
MPRegen  0.12/turn              (no ring)

@: slowed, very slow
A: distributed training, fangs 1, strong nose
a: Bend Time, Renounce Religion


You were on level 3 of the Dungeon.
You worshipped Cheibriados.
Cheibriados was noncommittal.
You were not hungry.

You visited 1 branch of the dungeon, and saw 3 of its levels.

You collected 138 gold pieces.

Inventory:

Hand Weapons
 a - a +0 mace
 p - a +2 long sword of slicing (weapon)
Missiles
 e - 5 tomahawks of dispersal (quivered)
Armour
 b - a +0 leather armour (worn)
 o - a +0 cloak (worn)
Jewellery
 l - an uncursed amulet of harm {unknown}
Scrolls
 d - a scroll of blinking
 g - 2 scrolls of teleportation {unknown}
 h - a scroll of fog {unknown}
 i - a scroll of enchant armour {unknown}
 j - 3 scrolls of identify {unknown}
 n - 3 scrolls of amnesia {unknown}
 r - a scroll of noise {unknown}
Potions
 m - a potion of agility {unknown}
Books
 c - a book of Spatial Translocations

   Spells                             Type                      Level
   a - Blink                          Translocation                2
   b - Shroud of Golubria             Charms/Translocation         2
   c - Lesser Beckoning               Translocation                3
   d - Gell's Gravitas                Translocation                3
   e - Teleport Other                 Translocation                3
   f - Passage of Golubria            Translocation                4
Comestibles
 f - 8 rations


   Skills:
 + Level 4.6 Fighting
 + Level 1.0 Short Blades
 + Level 1.0 Long Blades
 + Level 1.0 Axes
 + Level 4.6 Maces & Flails
 + Level 1.0 Polearms
 + Level 1.0 Staves
 + Level 1.0 Slings
 + Level 1.0 Bows
 + Level 1.0 Crossbows
 + Level 2.7 Throwing
 + Level 2.7 Armour
 + Level 4.6 Dodging
 + Level 1.0 Stealth
 + Level 1.0 Shields
 + Level 1.0 Unarmed Combat
 + Level 5.0 Spellcasting
 + Level 0.7 Conjurations
 + Level 0.7 Hexes
 + Level 0.7 Charms
 + Level 0.7 Summonings
 + Level 0.7 Necromancy
 + Level 5.4 Translocations
 + Level 0.7 Transmutations
 + Level 0.7 Fire Magic
 + Level 0.7 Ice Magic
 + Level 0.7 Air Magic
 + Level 0.7 Earth Magic
 + Level 0.7 Poison Magic
 + Level 1.1 Invocations
 + Level 1.0 Evocations


You had 13 spell levels left.
You didn't know any spells.

Dungeon Overview and Level Annotations

Branches:
Dungeon (3/15)

Altars:
Cheibriados
Kikubaaqudgha
Qazlal
Wu Jian

Annotations:
D:3 Jessica; Theowulf's ghost, weakling HOFi


Innate Abilities, Weirdness & Mutations

Your experience applies equally to all skills.
You have very sharp teeth.
Your uncanny sense of smell can sniff out nearby items.


Message History

Jessica gestures wildly while chanting.
Jessica blinks!
Jessica mumbles some strange words.
Jessica blinks!
Jessica gestures at you while chanting. Pain shoots through your body!
Jessica casts a spell at you. Pain shoots through your body!
Jessica casts a spell at you. Pain shoots through your body!
* * * LOW HITPOINT WARNING * * *
Jessica mumbles some strange words.
Jessica blinks!
It was a potion of curing.
You feel better. Jessica gestures at you while chanting.
You feel yourself slow down. Jessica misses you.
Jessica points at you and mumbles some strange words.
Pain shoots through your body!
You die...

.....
#........###...........#
....
#........###...........#
....
#####.............##+###
... ###+###.........##.#
................##.#
................##.#
........#####+#(...#
.........## #.#....#
........@@# #......#
.............#.....#
.............#.###.#
.............#..##'###
#######..............#
#...................#
#...................#
####..........≈≈≈.+#'###
.............≈≈≈≈≈.#.######


You could see Jessica.

Vanquished Creatures
  An adder (D:2)
  A worm (D:2)
  2 dart slugs
  3 leopard geckos
  A giant cockroach (D:2)
  3 goblins (D:1)
  7 hobgoblins
  6 jackals
  A quokka (D:2)
  2 ball pythons (D:1)
  4 bats
  4 frilled lizards
  2 kobolds
  8 rats
45 creatures vanquished.

Notes
Turn   | Place    | Note
-------+----------+-------------------------------------------
     0 | D:1      | inc the Gnoll Warper began the quest for the Orb.
     0 | D:1      | Reached XP level 1. HP: 20/20 MP: 6/6
   328 | D:1      | Reached XP level 2. HP: 25/26 MP: 7/7
  1125 | D:1      | Reached XP level 3. HP: 19/31 MP: 9/9
  1255 | D:1      | Reached skill level 5 in Spellcasting
  1431 | D:2      | Reached skill level 1 in Invocations
  1688 | D:2      | Reached skill level 1 in Short Blades
  1688 | D:2      | Reached skill level 1 in Long Blades
  1688 | D:2      | Reached skill level 1 in Axes
  1688 | D:2      | Reached skill level 1 in Polearms
  1688 | D:2      | Reached skill level 1 in Staves
  1688 | D:2      | Reached skill level 1 in Slings
  1688 | D:2      | Reached skill level 1 in Bows
  1688 | D:2      | Reached skill level 1 in Crossbows
  1688 | D:2      | Reached skill level 1 in Stealth
  1688 | D:2      | Reached skill level 1 in Shields
  1688 | D:2      | Reached skill level 1 in Unarmed Combat
  1688 | D:2      | Reached skill level 1 in Evocations
  1803 | D:2      | Found a stormy altar of Qazlal.
  1828 | D:2      | Reached XP level 4. HP: 38/38 MP: 11/11
  2159 | D:2      | Found an ornate altar of the Wu Jian Council.
  2175 | D:2      | Found an ancient bone altar of Kikubaaqudgha.
  2270 | D:3      | Noticed Theowulf's ghost (weakling HOFi)
  2340 | D:3      | Found a snail-covered altar of Cheibriados.
  2356 | D:3      | Became a worshipper of Cheibriados the Contemplative
  2501 | D:3      | Noticed Jessica
  2521 | D:3      | Killed from afar by Jessica

Skill      XL: |  1  2  3 |
---------------+----------+-----
Spellcasting   | 5 |  5.0
Invocations    | 1 |  1.1
Short Blades   | 1 |  1.0
Long Blades    | 1 |  1.0
Axes           | 1 |  1.0
Polearms       | 1 |  1.0
Staves         | 1 |  1.0
Slings         | 1 |  1.0
Bows           | 1 |  1.0
Crossbows      | 1 |  1.0
Stealth        | 1 |  1.0
Shields        | 1 |  1.0
Unarmed Combat | 1 |  1.0
Evocations     | 1 |  1.0
Fighting       | |  4.6
Maces & Flails | |  4.6
Throwing       | |  2.7
Armour         | |  2.7
Dodging        | |  4.6
Conjurations   | |  0.7
Hexes          | |  0.7
Charms         | |  0.7
Summonings     | |  0.7
Necromancy     | |  0.7
Translocations | |  5.4
Transmutations | |  0.7
Fire Magic     | |  0.7
Ice Magic      | |  0.7
Air Magic      | |  0.7
Earth Magic    | |  0.7
Poison Magic   | |  0.7

Action                   |  1- 3 |  4- 6 || total
-------------------------+-------+-------++-------
Melee: Mace              |   140 |     2 ||   142
       Bite              |     8 |     1 ||     9
       Long sword        |       |    14 ||    14
  Use: Potion            |       |     1 ||     1
 Stab: Sleeping          |     4 |     1 ||     5
  Eat: Chunk             |     3 |     2 ||     5
Armor: Leather armour    |    25 |     3 ||    28
Dodge: Dodged            |   115 |    15 ||   130
       Rpst.: Long sword |       |     1 ||     1
